 Dungeon Crawl Stone Soup version 0.29-a0-321-gf1c400731a (webtiles) character file.

Game seed: 1204856319243255539

129 Murumi the Ducker (level 5, 0/60 HPs)
             Began as a Djinni Monk on Apr 4, 2022.
             Killed from afar by Natasha (5 damage)
             ... with a magic dart
             ... on level 3 of the Dungeon.
             The game lasted 00:07:06 (3426 turns).

Murumi the Ducker (Djinni Monk)                     Turns: 3426, Time: 00:07:06

Health: 0/60       AC:  5    Str: 10    XL:     5   Next: 35%
Gold:   116        EV: 11    Int: 14    God:
                   SH:  0    Dex: 15

rFire   + + .      SeeInvis .   a - +1 falchion
rCold   x . .      Faith    .   (no shield)
rNeg    . . .      Spirit   .   d - +0 ring mail
rPois   ∞          Reflect  .   (no helmet)
rElec   .          Harm     .   (no cloak)
rCorr   .          Rampage  .   (no gloves)
Will    .....                   (boots unavailable)
Stlth   ..........              (no amulet)
HPRegen 0.20/turn               (no ring)
MPRegen 0.00/turn               (no ring)

@: berserking, flying, very quick
A: sickness immunity, fire resistance 2, cold vulnerability 1, float, innate
caster, HP casting, extra vitality 1
a: no special abilities


You were on level 3 of the Dungeon.
You visited 1 branch of the dungeon, and saw 4 of its levels.

You collected 116 gold pieces.

Inventory:

Hand Weapons
 a - a +1 falchion (weapon)
Armour
 d - a +0 ring mail (worn)
Scrolls
 e - a scroll of enchant weapon
 g - a scroll of teleportation
 j - a scroll of magic mapping
Potions
 c - a potion of ambrosia
 f - a potion of brilliance {unknown}
 h - a potion of mutation {unknown}
 i - a potion of lignification {unknown}
 k - a potion of heal wounds {unknown}
 l - a potion of curing {unknown}


   Skills:
 - Level 3.0 Fighting
 - Level 3.0 Long Blades
 - Level 3.0 Armour
 - Level 4.0 Dodging
 + Level 2.7 Stealth


You had one spell level left.
You knew the following spells:

 Your Spells              Type           Power      Damage    Failure   Level
a - Freeze                Ice            0%         1d3       56%         1
b - Searing Ray           Conj           0%         2d4       71%         2
Your spell library was empty.

Dungeon Overview and Level Annotations

Branches:
Dungeon (4/15)
 Temple: D:4-7

Altars:

Annotations:
D:3 Natasha


Innate Abilities, Weirdness & Mutations

You are immune to sickness and miasma.
You are immune to poison.
Your flesh is very heat resistant. (rF++)
You are vulnerable to cold. (rC-)
You float through the air rather than walking.
You learn spells naturally, not from books.
Your magical power is your life essence.
You have superior vitality. (+4 MHP)


Message History

The crimson imp hits you.
You miss the crimson imp. The crimson imp hits you.
You hit the crimson imp but do no damage.
The crimson imp closely misses you.
Natasha mumbles some strange words.
You feel disoriented.
You hit the crimson imp but do no damage.
The crimson imp misses you.
You completely miss the crimson imp. The crimson imp closely misses you. x2
You closely miss the crimson imp.
The crimson imp disappears in a puff of smoke!
Natasha howls an incantation.
Natasha glows brightly for a moment.
You hit Natasha.
Natasha is moderately wounded.
Natasha howls an incantation.
Natasha's front paws start to glow.
Natasha claws you. x2
You barely miss Natasha.
Natasha is moderately wounded.
Natasha claws you!
You hit Natasha but do no damage.
Natasha is moderately wounded.
Natasha claws you.
You closely miss Natasha.
Natasha is moderately wounded.
Natasha claws you!
* * * LOW HITPOINT WARNING * * *
You barely miss Natasha.
Natasha is moderately wounded.
Natasha claws you but does no damage.
You hit Natasha.
Natasha is heavily wounded.
Natasha claws you!
* * * LOW HITPOINT WARNING * * *
A red film seems to cover your vision as you go berserk!
You feel yourself moving faster!
You feel mighty! Natasha casts a spell at you. The magic dart hits you.
You die...

##### ####### #..<# #.....#
#.### #.....# # #.....# ##
#.....# #. #.....# #.
.###.....##### ####### #.
...'....†+@h.# #.....#####.
###.....###.# #.....##...#
#.....# #.###........#..
..###.5...###.##.......#####
.h..h.......................
#..............##.....###.#.
........#########.....# #.#.
......#.# #.....# #.#.
..###'#.# #.....# #.#.


You could see Natasha.

Vanquished Creatures
  Natasha (twice) (D:3)
  2 adders (D:3)
  A worm (D:2)
  A dart slug (D:1)
  2 orcs (D:3)
  5 bats
  3 endoplasms
  3 giant cockroaches
  4 goblins
  3 hobgoblins
  2 jackals (D:1)
  6 quokkas
  4 ball pythons
  3 frilled lizards
  4 kobolds
  6 rats
51 creatures vanquished.

Notes
Turn   | Place    | Note
-------+----------+-------------------------------------------
     0 | D:1      | Murumi the Djinni Monk began the quest for the Orb.
     0 | D:1      | Reached XP level 1. HP: 20/20 MP: 0/0
   224 | D:1      | Reached XP level 2. HP: 23/25 MP: 0/0
   769 | D:1      | Reached XP level 3. HP: 25/30 MP: 0/0
   769 | D:1      | Learned a level 1 spell: Freeze
   944 | D:1      | Found a faded altar of an unknown god.
  1457 | D:2      | Reached skill level 4 in Dodging
  1621 | D:2      | Reached skill level 1 in Armour
  2120 | D:3      | Noticed Natasha
  2125 | D:3      | Killed Natasha
  2126 | D:3      | Reached XP level 4. HP: 30/35 MP: 0/0
  2461 | D:3      | Noticed Natasha
  2478 | D:3      | Killed Natasha
  2479 | D:3      | Reached XP level 5. HP: 13/40 MP: 0/0
  2479 | D:3      | Learned a level 2 spell: Searing Ray
  2878 | D:3      | You are sucked into a shaft and drop 1 floor!
  3395 | D:3      | Noticed Natasha
  3426 | D:3      | Killed from afar by Natasha

Illustrated notes

Levels and vault maps discovered:
D:1:      minmay_arrival_plants_in_alcoves, layout_basic,
          ebering_ecumenical_altar_sacrificial, roderic_lattice_a
D:2:      layout_loops_ring
D:3:      minmay_door_path, layout_basic, uniq_natasha
D:4:      layout_loops_corners, grunt_ministairs_9, minmay_stone_trees_medium,
          st_stairs_6

Skill      XL: |  1  2  3  4 |
---------------+-------------+-----
Long Blades    | 3 |  3.0
Stealth        | 2 |  2.7
Dodging        | 4 |  4.0
Armour         | 2 3 |  3.0
Fighting       | |  3.0

Action                   |  1- 3 |  4- 6 || total
-------------------------+-------+-------++-------
Melee: Falchion          |   111 |    91 ||   202
       Punch             |       |     1 ||     1
  Use: Scroll            |     8 |     1 ||     9
       Potion            |       |     1 ||     1
 Stab: Sleeping          |     1 |       ||     1
Armor: Robe              |     5 |       ||     5
       Ring mail         |    18 |    31 ||    49
Dodge: Dodged            |    70 |    50 ||   120

Table legend: (Time is in decaauts)
 A = Elapsed time spent in this place.
 B = Non-inter-level travel time spent in this place.
 C = Inter-level travel time spent in this place.
 D = Time resting spent in this place.
 E = Time spent auto-exploring this place.
 F = Levels seen in this place.
 G = Mean time per level.
                   A        B        C        D        E       F      G
               +--------+--------+--------+--------+--------+-----+--------+
         Total |   3466 |   3272 |    194 |    225 |   2537 |   4 |  866.5 |
       Dungeon |   3466 |   3272 |    194 |    225 |   2537 |   4 |  866.5 |
               +--------+--------+--------+--------+--------+-----+--------+

Top non-repeatable levels by time:
     D:1: 1356 daAuts
     D:3: 1327 daAuts
     D:2: 779 daAuts
     D:4: 3 daAuts
